 Dungeon Crawl Stone Soup version 0.31-a0-836-g3ceb0a68c4 (webtiles) character file.

Game seed: 4359179856543331201

54628 bobo the Nimble (level 14, -2/87 HPs)
             Began as a Deep Elf Ice Elementalist on Sept 22, 2023.
             Was the Champion of Zin.
             Slain by an apocalypse crab (4 damage)
             ... while petrified by an apocalypse crab
             ... on level 1 of the Abyss on Sept 26, 2023.
             The game lasted 01:13:11 (19893 turns).

bobo the Nimble (Deep Elf Ice Elementalist)        Turns: 19893, Time: 01:13:12

Health: -2/87      AC: 23    Str:  5    XL:     14   Next: 35%
Magic:  17/26      EV:  2    Int: 30    God:    Zin [******]
Gold:   1220       SH:  0    Dex: 17    Spells: 9/27 levels left

rFire   . . .        k - +7 short sword (elec)
rCold   . . .        (no shield)
rNeg    + + +        H - +0 steam dragon scales
rPois   ∞            x - +0 helmet
rElec   .            (no cloak)
rCorr   .            m - +2 pair of gloves
SInv    .            e - +0 pair of boots
Will    +....        (no amulet)
Stlth   ++           t - +6 ring of intelligence
HPRegen 0.34/turn    b - +4 ring of protection
MPRegen 0.20/turn

%: no passive effects
@: ice-armoured, petrified, freezing walls
A: no striking features
a: Renounce Religion, Recite, Vitalisation, Imprison, Sanctuary, Donate Gold


You were on level 1 of the Abyss.
You worshipped Zin.
Zin was exalted by your worship.
You visited 4 branches of the dungeon, and saw 18 of its levels.
You visited the Abyss 1 time.
You also visited: Ossuary.

You collected 1355 gold pieces.
You donated 135 gold pieces to Zin.

Inventory:

Hand Weapons
 k - a +7 short sword of electrocution (weapon)
 P - a +4 scimitar of flaming
Missiles
 z - a throwing net
Armour
 e - a +0 pair of boots (worn)
 m - a +2 pair of gloves (worn)
 x - a +0 helmet (worn)
 H - +0 steam dragon scales (worn)
 I - a +3 leather armour of willpower
 O - a +2 kite shield
 Q - a +2 robe of fire resistance
Jewellery
 b - a +4 ring of protection (right hand)
 t - a +6 ring of intelligence (left hand)
 w - a ring of see invisible
 A - a ring of fire
 G - a ring of ice
 J - a ring of poison resistance
 K - a +5 ring of evasion
 L - an amulet of magic regeneration
Wands
 j - a wand of paralysis (15)
 p - a wand of iceblast (8)
 D - a wand of flame (18)
Scrolls
 h - 3 scrolls of poison
 l - 3 scrolls of silence
 q - 2 scrolls of immolation
 s - 2 scrolls of amnesia
 v - 2 scrolls of fog
 E - a scroll of brand weapon
 F - 4 scrolls of revelation
 M - 2 scrolls of vulnerability
 N - 2 scrolls of teleportation
Potions
 a - a potion of mutation {unknown}
 c - 3 potions of heal wounds
 d - 2 potions of haste
 f - 2 potions of resistance
 g - 5 potions of brilliance
 i - 4 potions of might
 n - 4 potions of enlightenment
 o - 3 potions of curing
 r - 2 potions of invisibility {unknown}
 u - 3 potions of berserk rage
 B - 4 potions of attraction
 C - 3 potions of ambrosia
Miscellaneous
 y - a lightning rod (1/4)


   Skills:
 + Level 9.8 Fighting
 - Level 10.0 Short Blades
 - Level 0.1 Polearms
 - Level 13.8 Dodging
 + Level 2.8 Stealth
 - Level 8.8 Shields
 - Level 7.3 Spellcasting
 - Level 4.2 Summonings
 - Level 7.1 Ice Magic
 + Level 12.2 Invocations


You had 9 spell levels left.
You knew the following spells:

 Your Spells              Type           Power      Damage    Failure   Level
a - Freeze                Ice            100%       1d10      1%          1
b - Summon Lightning Spi  Summ/Air       23%        N/A       19%         4
d - Summon Ice Beast      Ice/Summ       45%        N/A       4%          4
s - Frozen Ramparts       Ice            100%       1d16      1%          3
x - Ozocubu's Armour      Ice            52%        N/A       1%          3
z - Hailstorm             Conj/Ice       32%        3d8       3%          3

Your spell library contained the following spells:

 Spells                   Type           Power      Damage    Failure   Level
 Call Canine Familiar     Summ           36%        N/A       2%          3
 Static Discharge         Conj/Air       20%        2-3/arc   7%          2
 Sigil of Binding         Hex            10%        N/A       14%         3
 Airstrike                Air            5%         2d(1-17)  43%         4
 Dimensional Bullseye     Hex/Tloc       5%         N/A       43%         4
 Leda's Liquefaction      Hex/Erth       5%         N/A       43%         4
 Alistair's Intoxication  Tmut/Pois      6%         N/A       78%         5
 Borgnjor's Vile Clutch   Necr/Erth      5%         N/A       78%         5
 Eringya's Noxious Bog    Tmut/Pois      5%         4d6       100%        6


Dungeon Overview and Level Annotations

Branches:
Dungeon (11/15)            Temple (1/1) D:4            Lair (4/5) D:10
 Shoals (0/4) Lair:3        Snake (0/4) Lair:3          Orc (2/2) D:11
Ossuary (visited)
  Slime: Lair:4-5       Elf: Orc:2

Altars:
Ashenzari
Cheibriados
Dithmenos
Elyvilon
Fedhas
Gozag
Hepliaklqana
Kikubaaqudgha
Makhleb
Nemelex Xobeh
Okawaru
Qazlal
Ru
Sif Muna
Trog
Uskayaw
Vehumet
Wu Jian
Xom
Yredelemnul
Zin
The Shining One

Annotations:
Lair:2 exclusion: oklob plant
Orc:2 Erolcha


Message History

Lightning courses through the apocalypse crab!
The apocalypse crab is almost dead.
You hit the apocalypse crab but do no damage.
The apocalypse crab is almost dead.
The apocalypse crab resists.
The wall freezes the apocalypse crab.
The apocalypse crab breathes chaos at you.
The blast of chaos engulfs you!
You are slowing down.
You barely miss the apocalypse crab.
The apocalypse crab is almost dead.
You are engulfed in seething chaos.
The apocalypse crab is engulfed in seething chaos.
The wall freezes the apocalypse crab but does no damage.
The apocalypse crab misses you. x2
You hit the apocalypse crab.
The apocalypse crab is almost dead.
You are engulfed in seething chaos.
Your limbs are stiffening.
You barely miss the apocalypse crab.
The apocalypse crab is almost dead.
You are engulfed in seething chaos.
The apocalypse crab is engulfed in seething chaos.
The apocalypse crab seems to grow stronger.
The wall freezes the apocalypse crab but does no damage.
The apocalypse crab closely misses you.
The apocalypse crab claws you but does no damage.
You hit the apocalypse crab but do no damage.
The apocalypse crab is almost dead.
You are engulfed in seething chaos.
The apocalypse crab is engulfed in seething chaos.
The apocalypse crab resists.
The wall freezes the apocalypse crab.
The apocalypse crab bites you but does no damage.
The apocalypse crab claws you!
* * * LOW HITPOINT WARNING * * *
You have turned to stone.
The wall freezes the apocalypse crab but does no damage.
The apocalypse crab bites you but does no damage.
The apocalypse crab claws you!
* * * LOW HITPOINT WARNING * * *
The apocalypse crab shocks you!
You die...

. .#.... . ..
..##. . ##
.## # ... #.
# . ..
#...#..# ...
# .
#..#....## ##
.. ## ..# ##
#.#...#..
#.#...#t# # .
#.....@#§t #.
#...........#
##..#...#...#
#..#...#.###
###..... . .
......##.#..
...###. . ..
#... #.


You could see an apocalypse crab (strong).

Vanquished Creatures
  Rupert (Lair:3)
  Nessos (Lair:3)
  Fannar (Orc:1)
  2 hydras
  A boulder beetle (D:11)
  Erica (Orc:1)
  3 two-headed ogres
  10 death yaks
  Sonja (D:11)
  3 skeletal warriors (D:11)
  A skyshark (Lair:4)
  Amaemon (Lair:3)
  A stone giant skeleton (Abyss:1)
  6 black mambas
  An apocalypse crab (Abyss:1)
  18 elephants
  An orange demon (Lair:3)
  9 cane toads
  Maggie (D:9)
  A nameless horror (D:7)
  Psyche (D:8)
  3 rime drakes
  9 komodo dragons
  A troll (D:11)
  A polar bear (Lair:3)
  16 blink frogs
  A dream sheep (Lair:4)
  Eustachio (D:4)
  39 yaks
  3 wyverns
  5 basilisks
  4 vampire mosquitoes (D:11)
  A large abomination (Abyss:1)
  2 swamp worms (Lair:4)
  3 nagas (Lair:3)
  14 water moccasins
  Duvessa (D:7)
  A sky beast (D:7)
  2 orc warriors
  2 ice beasts
  An ogre (D:5)
  3 black bears
  12 wolves (Lair:1)
  8 centaurs
  An elf zombie (D:7)
  Blork the orc (D:5)
  2 gnoll sergeants
  A kobold brigand (D:9)
  6 bullfrogs
  7 scorpions
  2 elf skeletons (D:7)
  Dowan (D:7)
  13 killer bees
  3 howler monkeys (D:10)
  2 jellies
  3 hounds
  A gnoll bouda (D:4)
  2 human zombies (Ossuary)
  8 orc priests
  Terence (D:3)
  3 sleepcaps (D:7)
  A scorpion zombie (Ossuary)
  7 iguanas
  11 orc wizards
  15 gnolls
  8 adders
  A shadow imp (D:5)
  A white imp (D:5)
  An ufetubus (D:6)
  A worm (D:3)
  A dart slug (D:3)
  61 orcs
  6 ball pythons
  8 bats
  6 endoplasms
  6 giant cockroaches
  2 gnoll zombies (Ossuary)
  4 goblins
  9 hobgoblins
  6 jackals
  7 kobolds
  3 quokkas
  4 frilled lizards
  2 goblin zombies (Ossuary)
  2 hobgoblin zombies (Ossuary)
  2 orc zombies (Ossuary)
  10 rats
440 creatures vanquished.

Vanquished Creatures (collateral kills)
  2 two-headed ogres
  A death yak (Lair:1)
  A skyshark (Lair:2)
  An elephant (Lair:1)
  A cane toad (Lair:2)
  A troll (D:10)
  2 blink frogs
  A yak (D:11)
  A fire elemental (Lair:1)
  An acid dragon (D:8)
  Menkaure (D:5)
  A black bear (D:10)
  2 ogres
  A centaur (D:8)
  An elf zombie (D:7)
  A gnoll sergeant (D:7)
  2 bullfrogs
  A scorpion (Ossuary)
  A centaur zombie (Ossuary)
  A human zombie (Ossuary)
  An orc priest (D:8)
  2 hounds (D:6)
  3 scorpion zombies (Ossuary)
  3 mummies (Ossuary)
  A white imp (D:6)
  4 orcs
  2 gnoll zombies (Ossuary)
  A hobgoblin zombie (Ossuary)
  2 kobold zombies (Ossuary)
  2 orc skeletons (D:7)
  3 orc zombies (Ossuary)
48 creatures vanquished.

Grand Total: 488 creatures vanquished

Notes
Turn   | Place    | Note
-------+----------+-------------------------------------------
     0 | D:1      | bobo the Deep Elf Ice Elementalist began the quest for the
                  | Orb.
     0 | D:1      | Reached XP level 1. HP: 10/10 MP: 6/6
   249 | D:1      | Reached XP level 2. HP: 16/16 MP: 6/8
  1047 | D:2      | Reached skill level 1 in Fighting
  1047 | D:2      | Reached XP level 3. HP: 20/20 MP: 6/10
  1179 | D:2      | Reached skill level 3 in Dodging
  1852 | D:2      | Reached XP level 4. HP: 25/25 MP: 6/12
  2011 | D:2      | Reached skill level 5 in Ice Magic
  2407 | D:3      | Noticed a scorpion
  2416 | D:3      | HP: 1/37 [poisoned by a scorpion]
  2418 | D:3      | Killed a scorpion
  2419 | D:3      | Reached XP level 5. HP: 30/30 MP: 9/13
  2502 | D:3      | Learned a level 3 spell: Frozen Ramparts
  2506 | D:3      | Learned a level 3 spell: Ozocubu's Armour
  2851 | D:3      | Noticed Terence
  2869 | D:3      | Killed Terence
  2870 | D:3      | Reached skill level 4 in Dodging
  2934 | D:3      | Learned a level 4 spell: Summon Ice Beast
  3212 | D:3      | Found a glowing golden altar of the Shining One.
  3315 | D:3      | Reached XP level 6. HP: 35/35 MP: 15/15
  3436 | D:4      | Found a staircase to the Ecumenical Temple.
  3548 | Temple   | Entered the Ecumenical Temple
  3629 | Temple   | Became a worshipper of Zin the Law-Giver
  3629 | Temple   | Reached * piety under Zin
  3872 | D:4      | Reached skill level 5 in Spellcasting
  4036 | D:4      | Reached skill level 1 in Summonings
  4118 | D:4      | Found a shimmering altar of Xom.
  4132 | D:4      | Learned a level 4 spell: Summon Lightning Spire
  4348 | D:4      | Noticed Eustachio
  4364 | D:4      | Killed Eustachio
  4365 | D:4      | Reached skill level 1 in Invocations
  4365 | D:4      | Reached XP level 7. HP: 40/40 MP: 11/17
  4720 | D:4      | Reached skill level 5 in Dodging
  4724 | D:4      | Reached ** piety under Zin
  4771 | D:5      | Entered Level 5 of the Dungeon
  4771 | D:5      | Noticed Menkaure
  4781 | D:5      | Killed Menkaure
  5200 | D:5      | Noticed Blork the orc
  5216 | D:5      | Killed Blork the orc
  5224 | D:5      | Reached XP level 8. HP: 33/46 MP: 7/19
  5224 | D:5      | Found an ancient bone altar of Kikubaaqudgha.
  5230 | D:5      | Reached *** piety under Zin
  5337 | D:5      | Found a bloodstained altar of Trog.
  5337 | D:5      | Found a broken altar of Ashenzari.
  5418 | D:5      | Reached **** piety under Zin
  6255 | D:6      | Reached skill level 6 in Dodging
  6424 | D:6      | Found a shimmering blue altar of Sif Muna.
  6426 | D:6      | Found a sacrificial altar of Ru.
  6620 | D:6      | Found an iron altar of Okawaru.
  7119 | D:7      | Reached XP level 9. HP: 46/52 MP: 14/21
  7131 | D:7      | Found a sand-covered staircase.
  7137 | D:7      | Noticed a nameless horror
  7181 | D:7      | Killed a nameless horror
  7185 | Ossuary  | Entered an ossuary
  7513 | Ossuary  | Reached skill level 1 in Short Blades
  7513 | Ossuary  | Reached skill level 1 in Shields
  7664 | Ossuary  | Reached skill level 7 in Dodging
  7772 | Ossuary  | Reached skill level 5 in Invocations
  8109 | D:7      | Found a white marble altar of Elyvilon.
  8196 | D:7      | Reached ***** piety under Zin
  8217 | D:7      | Noticed Dowan
  8218 | D:7      | Noticed Duvessa
  8248 | D:7      | Killed Duvessa
  8262 | D:7      | Killed Dowan
  8410 | D:7      | Found an ornate altar of the Wu Jian Council.
  8552 | D:7      | Reached skill level 5 in Fighting
  8982 | D:8      | Reached skill level 8 in Dodging
  8982 | D:8      | Reached XP level 10. HP: 52/59 MP: 15/22
  9039 | D:8      | Noticed a two-headed ogre
  9049 | D:8      | Killed a two-headed ogre
  9355 | D:8      | Noticed Psyche
  9367 | D:8      | Killed Psyche
  9600 | D:8      | Reached skill level 9 in Dodging
  9603 | D:8      | Reached skill level 5 in Short Blades
  9933 | D:9      | Noticed a two-headed ogre
 10107 | D:8      | Upgraded the game from 0.31-a0-818-ge7c7cf74f0 to
                  | 0.31-a0-819-gf6de2f5ab6
 10168 | D:8      | Upgraded the game from 0.31-a0-819-gf6de2f5ab6 to
                  | 0.31-a0-833-gc15d34cb79
 10195 | D:8      | Killed a two-headed ogre
 10451 | D:9      | Reached XP level 11. HP: 64/64 MP: 13/23
 11087 | D:9      | Noticed Maggie
 11093 | D:9      | Killed Maggie
 11329 | D:10     | Entered Level 10 of the Dungeon
 11447 | D:10     | Noticed a two-headed ogre
 11457 | D:10     | Killed a two-headed ogre
 11558 | D:10     | Learned a level 3 spell: Hailstorm
 11864 | D:10     | Found a staircase to the Lair.
 12039 | Lair:1   | Entered Level 1 of the Lair of Beasts
 12069 | Lair:1   | Reached skill level 5 in Shields
 12074 | Lair:1   | Reached skill level 10 in Dodging
 12316 | Lair:1   | Noticed a death yak
 12319 | Lair:1   | Noticed a death yak
 12328 | Lair:1   | Noticed a death yak
 12331 | Lair:1   | Noticed a death yak
 12333 | Lair:1   | Killed a death yak
 12342 | Lair:1   | Killed a death yak
 12638 | Lair:1   | Reached XP level 12. HP: 72/72 MP: 18/24
 12791 | Lair:1   | Reached skill level 11 in Dodging
 13227 | D:11     | Noticed a two-headed ogre
 13239 | D:11     | Killed a two-headed ogre
 13371 | D:11     | Noticed Sonja
 13390 | D:11     | Killed Sonja
 13431 | D:11     | Noticed a two-headed ogre
 13439 | D:11     | Killed a two-headed ogre
 13639 | D:11     | Found a staircase to the Orcish Mines.
 13879 | Lair:1   | Killed a death yak
 13880 | Lair:1   | Reached skill level 10 in Invocations
 13891 | Lair:1   | Killed a death yak
 14443 | Lair:1   | Reached skill level 12 in Dodging
 15049 | Lair:2   | Noticed a death yak
 15052 | Lair:2   | Noticed a death yak
 15054 | Lair:2   | Noticed a death yak
 15058 | Lair:2   | Noticed a death yak
 15072 | Lair:2   | Noticed a death yak
 15080 | Lair:2   | Killed a death yak
 15081 | Lair:2   | Reached XP level 13. HP: 50/79 MP: 16/25
 16343 | Lair:3   | Noticed Amaemon
 16353 | Lair:3   | Killed Amaemon
 16570 | Lair:3   | Noticed Rupert
 16597 | Lair:3   | Killed Rupert
 16598 | Lair:3   | Reached skill level 13 in Dodging
 16757 | Lair:3   | Found a staircase to the Shoals.
 16837 | Lair:3   | Noticed Nessos
 17726 | Lair:3   | Found a staircase to the Snake Pit.
 17854 | Lair:3   | Killed Nessos
 18290 | Lair:4   | Reached XP level 14. HP: 80/86 MP: 17/26
 18346 | Lair:4   | Reached ****** piety under Zin
 18568 | Lair:4   | Reached skill level 10 in Short Blades
 19381 | D:11     | Upgraded the game from 0.31-a0-833-gc15d34cb79 to
                  | 0.31-a0-836-g3ceb0a68c4
 19476 | Orc:1    | Entered Level 1 of the Orcish Mines
 19494 | Orc:1    | Noticed Fannar
 19507 | Orc:1    | Killed Fannar
 19607 | Orc:1    | Noticed Erica
 19622 | Orc:1    | Killed Erica
 19732 | Orc:2    | Entered Level 2 of the Orcish Mines
 19732 | Orc:2    | Noticed Erolcha
 19747 | Abyss:1  | Cast into level 1 of the Abyss (Erolcha)
 19795 | Abyss:1  | Paralysed by you for 4 turns
 19810 | Abyss:1  | Found a corrupted altar of Lugonu.
 19831 | Abyss:1  | Found a corrupted altar of Lugonu.
 19893 | Abyss:1  | HP: 2/87 [apocalypse crab (8)]
 19893 | Abyss:1  | Slain by an apocalypse crab

Illustrated notes

Levels and vault maps discovered:
D:1:      dpeg_arrival_erosion, layout_basic
D:2:      minmay_recursive_quarters, layout_basic, kennysheep_generic_room_15
D:3:      layout_basic, nicolae_tso_swordbearing_angel, serial_curves,
          eino_curves_02, eino_curves_02, eino_curves_02, nicolae_the_louvre,
          uniq_terence
D:4:      cheibrodos_barr_body, layout_loops_ring,
          nicolae_overflow_hidden_temple, minmay_temple_entry_large_hall,
          uniq_eustachio
D:5:      layout_rooms, kiku_gazebo_pond_becter, jmf_multi_god_temple,
          uniq_menkaure, uniq_blork_the_orc
D:6:      layout_basic, okawaru_gym_becter, lemuel_round_altar,
          mainiacjoe_overflow_cross_hatched, kennysheep_donut,
          minmay_crystal_room
D:7:      layout_basic, kennysheep_mini_moat, nicolae_overflow_crystal_walls,
          nicolae_ossuary_entry_catacombs, enter_bailey_2, uniq_duvessa
D:8:      layout_gridville, hangedman_decor_clover_reticule, uniq_psyche
D:9:      layout_basic, nicolae_concentric_dashed_squares_mild,
          nicolae_nh_ransacked_shop, uniq_maggie
D:10:     layout_cave_pools, david_lair_generic
D:11:     layout_basic, hiddenorc2_lemuel, uniq_sonja
Temple:   nicolae_temple_slightly_damp_pantheon
Lair:1:   layout_loops_ring, beast_lair_carwin_10, grunt_megastairs_4
Lair:2:   layout_gridlike, small_statue_intersection, beast_lair_carwin_9,
          infiniplex_staircase_pool, grunt_megastairs_5
Lair:3:   layout_roguey, minmay_shoals_entry_centaurs,
          nicolae_snake_entry_squirm, uniq_rupert, uniq_nessos, uniq_amaemon
Lair:4:   beast_lair_carwin_large_1, layout_concentric_octagons, minmay_holes,
          worms_lemuel, infiniplex_staircase_pool_2, serial_bayou_shore_b
Orc:1:    layout_caves, uniq_erica, uniq_fannar
Orc:2:    st_orc_elflike, layout_caves, basic_altar, uniq_erolcha, uniq_azrael,
          uniq_maurice
Abyss:1:  base: D:10, evilmike_abyss_exit_3, onia_ninara_dug_in_and_dangerous

Skill      XL: |  1  2  3  4  5  6  7  8  9 10 11 12 13 14 |
---------------+-------------------------------------------+-----
Fighting       | 1 2 3 4 5 6 7 8 9 |  9.8
Dodging        | 3 4 5 6 8 9 10 12 13 | 13.8
Spellcasting   | 4 5 6 7 |  7.3
Ice Magic      | 5 6 7 |  7.1
Summonings     | 1 3 4 |  4.2
Invocations    | 1 2 4 5 7 8 10 11 12 | 12.2
Short Blades   | 3 5 7 8 9 10 | 10.0
Shields        | 2 4 5 7 8 |  8.8
Polearms       | |  0.1
Stealth        | |  2.8

Action                     |  1- 3 |  4- 6 |  7- 9 | 10-12 | 13-15 || total
---------------------------+-------+-------+-------+-------+-------++-------
  Melee: Short sword       |     2 |       |   303 |   326 |   448 ||  1079
         Whip              |     5 |    29 |    31 |       |       ||    65
         Punch             |       |       |     5 |     5 |     6 ||    16
         Spear             |       |       |     5 |       |       ||     5
         Unarmed           |       |       |     4 |       |       ||     4
  Throw: Throwing net      |       |       |       |     1 |       ||     1
   Cast: Freeze            |    61 |    33 |    14 |     4 |       ||   112
         Ozocubu's Armour  |       |     7 |    45 |    42 |    41 ||   135
         Frozen Ramparts   |       |     7 |    32 |    55 |    45 ||   139
         Summon Ice Beast  |       |       |    28 |    33 |    21 ||    82
         Hailstorm         |       |       |       |     9 |    17 ||    26
 Invoke: Recite            |       |     1 |     8 |     8 |     4 ||    21
         Vitalisation      |       |       |     1 |     3 |     2 ||     6
         Imprison          |       |       |       |     1 |       ||     1
         Sanctuary         |       |       |       |     1 |       ||     1
  Evoke: Wand              |       |     1 |     7 |     1 |     6 ||    15
         Lightning rod     |       |       |       |       |     3 ||     3
    Use: Potion            |       |     3 |     2 |     5 |     3 ||    13
         Scroll            |       |     3 |    13 |     9 |     6 ||    31
   Stab: Sleeping          |       |     1 |     3 |     3 |     6 ||    13
         Distracted        |       |       |     1 |     2 |       ||     3
         Paralysed         |       |       |     1 |       |     1 ||     2
         Invisible         |       |       |       |     2 |       ||     2
         Held in net/web   |       |       |       |     1 |       ||     1
 Armour: Robe              |    27 |    28 |   187 |    40 |       ||   282
         Skin              |       |     3 |       |       |       ||     3
         Steam dragon scal |       |       |       |   136 |   150 ||   286
  Dodge: Dodged            |    43 |    35 |   258 |   235 |   260 ||   831
  Block: Kite shield       |       |       |    27 |       |     3 ||    30

Table legend: (Time is in decaauts)
 A = Elapsed time spent in this place.
 B = Non-inter-level travel time spent in this place.
 C = Inter-level travel time spent in this place.
 D = Time resting spent in this place.
 E = Time spent auto-exploring this place.
 F = Levels seen in this place.
 G = Mean time per level.
                   A        B        C        D        E       F      G
               +--------+--------+--------+--------+--------+-----+--------+
         Total |  19583 |  18462 |   1121 |   1731 |  12885 |  20 |  979.2 |
       Dungeon |  12545 |  11836 |    709 |    977 |   8761 |  11 | 1140.5 |
        Temple |     95 |     82 |     13 |      0 |      0 |   1 |   95.0 |
          Lair |   5924 |   5542 |    382 |    600 |   3759 |   4 | 1481.0 |
  Orcish Mines |    257 |    240 |     17 |      0 |    179 |   2 |  128.5 |
         Abyss |    107 |    107 |      0 |      2 |     31 |   1 |  107.0 |
       Ossuary |    653 |    653 |      0 |    152 |    155 |   1 |  653.0 |
               +--------+--------+--------+--------+--------+-----+--------+

Top non-repeatable levels by time:
  Lair:3: 1853 daAuts
  Lair:1: 1750 daAuts
     D:8: 1514 daAuts
  Lair:2: 1483 daAuts
     D:2: 1476 daAuts
     D:4: 1289 daAuts
     D:7: 1211 daAuts
     D:6: 1120 daAuts
     D:9: 1119 daAuts
     D:3: 1097 daAuts
    D:10: 1046 daAuts
     D:5: 1002 daAuts
    D:11: 850 daAuts
  Lair:4: 836 daAuts
     D:1: 816 daAuts
